Map: [ESL] Goldenaura

Players

Jim

  • Race: Protoss Protoss
  • Spawn Location: 12:00

MacSed - Winner!

  • Race: Protoss Protoss
  • Spawn Location: 5:00

Event: ESL SC2 Masters 2024 Spring (Regional)

VOD

Have the link to the VOD?

Description

Time

  • Played on: April 17, 2024, 8:02 a.m.
  • Length: 8:55

All games in this series

Show
View Real Time Build Order
Export as new Build Order

Jim Protoss 

Build Orders: Phoenix Opening 

Get SALT Encoding   

  12  0:00  Probe  
  13  0:12  Probe  
  14  0:17  Pylon  
  14  0:24  Probe (Chrono Boost)  
  15  0:36  Probe (Chrono Boost)  
  15  0:37  Gateway  
  16  0:45  Probe (Chrono Boost)  
  16  0:46  Assimilator  
  17  0:51  Probe  
  17  0:55  Assimilator  
  18  1:03  Probe (Chrono Boost)  
  19  1:06  Pylon  
  19  1:12  Probe (Chrono Boost)  
  19  1:17  Probe (Chrono Boost)  
  20  1:24  Cybernetics Core  
  21  1:29  Probe  
  24  1:41  Probe  
  23  1:57  Probe  
  24  2:01  Nexus  
  24  2:02  Sentry  
  24  2:04  Warp Gate  
  26  2:09  Probe  
  27  2:21  Probe  
  28  2:25  Sentry  
  30  2:33  Phoenix, Probe (Chrono Boost)  
  30  2:37  Robotics Facility  
  30  2:41  Gateway  
  30  2:42  Probe (Chrono Boost)  
  31  2:51  Probe  
  31  2:55  Pylon  
  31  3:08  Shield Battery  
  31  3:12  Sentry  
  31  3:14  Probe (Chrono Boost)  
  31  3:18  Probe (Chrono Boost)  
  31  3:19  Phoenix  
  35  3:24  Immortal (Chrono Boost), Probe (Chrono Boost)  
  37  3:27  Probe (Chrono Boost)  
  37  3:29  Probe (Chrono Boost)  
  42  3:37  Probe  
  42  3:41  Probe  
  44  3:49  Probe  
  44  3:53  Observer, Probe  
  46  4:01  Nexus  
  46  4:02  Pylon  
  47  4:04  Probe  
  47  4:05  Probe  
  49  4:11  Stalker  
  49  4:13  Stalker  
  53  4:19  Twilight Council  
  53  4:20  Probe  
  53  4:22  Probe  
  55  4:29  Immortal (Chrono Boost)  
  55  4:35  Assimilator  
  55  4:37  Pylon  
  59  4:40  Probe x2  
  61  4:53  Blink (Chrono Boost), Probe  
  61  4:56  Probe  
  63  5:03  Stalker  
  63  5:05  Probe  
  66  5:08  Probe  
  66  5:09  Stalker  
  66  5:13  Shield Battery  
  69  5:17  Probe  
  69  5:24  Probe  
  60  5:28  Stalker  
  60  5:30  Immortal (Chrono Boost)  
  60  5:31  Probe  
  67  5:42  Probe (Chrono Boost)  
  65  5:46  Gateway  
  65  5:48  Probe (Chrono Boost)  
  65  5:49  Probe (Chrono Boost)  
  66  5:50  Stalker, Gateway  
  66  5:51  Sentry  
  66  5:52  Probe (Chrono Boost)  
  66  5:53  Gateway  
  66  5:56  Observer, Probe (Chrono Boost)  
  72  5:57  Probe (Chrono Boost)  
  72  6:02  Gateway  
  73  6:06  Warp Prism (Chrono Boost)  
  73  6:09  Gateway  
  73  6:10  Gateway  
  75  6:14  Sentry  
  75  6:15  Stalker  
  79  6:20  Pylon  
  79  6:22  Pylon  
  78  6:26  Probe  
  78  6:27  Probe x2  
  79  6:40  Pylon  
  79  6:42  Stalker x3  
  79  6:46  Stalker  
  87  6:48  Stalker  
  87  7:05  Pylon  
  87  7:11  Stalker  
  87  7:12  Stalker  
  87  7:13  Stalker x4  
  87  7:14  Zealot  
  93  7:30  Stalker  
  93  7:35  Stalker x3  
  93  7:36  Zealot x4  
  101  7:50  Stalker  
  101  7:51  Zealot, Stalker  
  103  8:00  Zealot x3  
  79  8:07  Probe x2  
  79  8:08  Probe  
  79  8:12  Stalker x4, Forge  
  82  8:15  Zealot x4  
  82  8:19  Probe x2  
  94  8:20  Probe  
  94  8:22  Assimilator  
  94  8:23  Pylon  
  95  8:31  Probe  
  96  8:38  Stalker x2  
  96  8:39  Zealot x4  
  96  8:40  Zealot  
  88  8:49  Zealot  
Show
View Real Time Build Order
Export as new Build Order

MacSed Protoss - Winner!

Build Orders: Blink Stalkers 

Get SALT Encoding   

  12  0:00  Probe  
  13  0:12  Probe  
  14  0:17  Pylon  
  14  0:24  Probe (Chrono Boost)  
  15  0:36  Probe (Chrono Boost), Gateway  
  16  0:44  Probe (Chrono Boost)  
  16  0:46  Assimilator  
  17  0:50  Probe  
  17  0:55  Assimilator  
  18  1:02  Probe (Chrono Boost)  
  19  1:12  Gateway  
  19  1:13  Probe (Chrono Boost)  
  19  1:18  Probe (Chrono Boost)  
  20  1:25  Cybernetics Core  
  21  1:29  Probe  
  22  1:35  Pylon  
  22  1:41  Probe  
  23  1:53  Probe  
  24  2:02  Sentry, Stalker, Warp Gate  
  24  2:07  Probe  
  29  2:13  Pylon  
  29  2:36  Nexus  
  29  2:39  Probe (Chrono Boost)  
  30  2:44  Sentry  
  30  2:45  Sentry  
  30  2:50  Probe (Chrono Boost)  
  35  2:55  Probe (Chrono Boost)  
  36  3:03  Twilight Council  
  36  3:05  Probe (Chrono Boost)  
  37  3:15  Pylon  
  37  3:17  Probe (Chrono Boost)  
  38  3:23  Probe (Chrono Boost)  
  39  3:33  Probe  
  40  3:39  Blink (Chrono Boost)  
  41  3:49  Probe (Chrono Boost)  
  41  3:50  Probe (Chrono Boost)  
  41  3:51  Adept x2  
  46  3:59  Probe (Chrono Boost)  
  46  4:01  Probe (Chrono Boost)  
  48  4:04  Probe (Chrono Boost)  
  49  4:10  Probe  
  49  4:14  Stalker x2  
  49  4:16  Probe  
  55  4:22  Probe  
  55  4:24  Pylon  
  56  4:33  Nexus  
  56  4:39  Stalker  
  56  4:40  Stalker  
  56  4:42  Probe x2  
  62  4:49  Forge  
  62  4:52  Pylon  
  62  4:54  Probe  
  62  4:55  Probe  
  64  5:06  Probe  
  66  5:07  Probe  
  66  5:18  Probe  
  66  5:19  Probe  
  66  5:26  Stalker x2  
  66  5:27  Charge  
  62  5:30  Probe  
  62  5:31  Probe  
  62  5:37  Protoss Ground Weapons Level 1 (Chrono Boost)  
  62  5:42  Probe  
  63  5:43  Probe  
  63  5:47  Gateway x2  
  63  5:48  Probe  
  65  5:50  Gateway  
  65  5:51  Stalker, Gateway  
  65  5:52  Gateway  
  65  5:54  Stalker, Probe  
  65  5:55  Probe  
  71  6:00  Probe, Shield Battery  
  72  6:04  Gateway  
  72  6:10  Robotics Facility  
  72  6:12  Pylon  
  72  6:14  Zealot  
  74  6:18  Zealot  
  76  6:33  Nexus  
  76  6:37  Pylon  
  76  6:38  Pylon  
  76  6:40  Zealot x2, Gateway  
  76  6:44  Zealot x3  
  86  6:47  Pylon  
  84  6:57  Stalker x2  
  84  6:59  Immortal (Chrono Boost)  
  90  7:04  Stalker x4  
  96  7:09  Zealot x2  
  100  7:20  Zealot x2  
  104  7:28  Zealot x4  
  102  7:32  Immortal (Chrono Boost)  
  102  7:36  Zealot x3  
  104  7:38  Probe  
  105  7:46  Zealot x2  
  105  7:49  Zealot  
  105  7:50  Zealot x3  
  113  8:00  Zealot  
  113  8:01  Zealot x2  
  113  8:02  Warp Prism (Chrono Boost)  
  107  8:16  Zealot x6, Probe  
  107  8:17  Probe x3  
  123  8:25  Stalker x3  
  115  8:49  Stalker x2  
  115  8:50  Zealot, Stalker x5  
  115  8:51  Zealot  
Tags
 
Add a new tag
Caveats
  • Supply blocks, unpowered buildings, or Contaminate may cause inaccurate times.
  • Supply counts are checked every 10 seconds.